 Dungeon Crawl Stone Soup version 0.28.0-45-g0d030f2227 (webtiles) character file.

Game seed: 13502318701235874081

454 protoss039 the Magician (level 6, 0/41 HPs)
             Began as a Demonspawn Conjurer on May 15, 2022.
             Slain by a two-headed ogre
             ... wielding a +0 giant club
              (25 damage)
             ... on level 4 of the Dungeon.
             The game lasted 00:05:25 (3976 turns).

protoss039 the Magician (Demonspawn Conjurer)       Turns: 3976, Time: 00:05:26

Health: 0/41       AC:  6    Str:  7    XL:     6   Next: 76%
Magic:  18/23      EV: 12    Int: 21    God:
Gold:   145        SH:  0    Dex: 12    Spells: 13/16 levels left

rFire   . . .      SeeInvis +   o - +1 whip (venom)
rCold   . . .      Faith    .   (no shield)
rNeg    . . .      Spirit   .   n - +3 leather armour "Myibb" {rElec Will- SInv}
rPois   .          Reflect  .   (no helmet)
rElec   +          Harm     .   (no cloak)
rCorr   .          Rampage  .   (no gloves)
Will    .....                   (no boots)
Stlth   ++........              (no amulet)
HPRegen 0.13/turn               b - ring of magical power
MPRegen 0.18/turn               (no ring)

@: no status effects
A: spiny 2
a: no special abilities


You were on level 4 of the Dungeon.
You visited 1 branch of the dungeon, and saw 4 of its levels.

You collected 145 gold pieces.

Inventory:

Hand Weapons
 o - a +1 whip of venom (weapon)
Armour
 n - the +3 leather armour "Myibb" (worn) {rElec Will- SInv}
   (You found it on level 3 of the Dungeon)

   rElec:     It insulates you from electricity.
   SInv:      It lets you see invisible.
   Will:      It decreases your willpower.
Jewellery
 b - a ring of magical power (left hand)
Wands
 i - a wand of iceblast (3)
Scrolls
 c - a scroll of identify {unknown}
 d - a scroll of fog {unknown}
 f - a scroll of enchant armour {unknown}
 j - a scroll of noise {unknown}
 k - a scroll of teleportation {unknown}
 l - a scroll of amnesia {unknown}
 m - a scroll of holy word {unknown}
Potions
 a - a potion of heal wounds {unknown}
 e - a potion of curing
 g - 2 potions of lignification {unknown}
 h - a potion of brilliance {unknown}


   Skills:
 - Level 3.0 Dodging
 - Level 3.0 Stealth
 + Level 5.5 Spellcasting
 - Level 4.4 Conjurations


You had 13 spell levels left.
You knew the following spells:

 Your Spells              Type           Power      Damage    Failure   Level
a - Magic Dart            Conj           96%        1d7       2%          1
b - Searing Ray           Conj           48%        2d6       3%          2

Your spell library contained the following spells:

 Spells                   Type           Power      Damage    Failure   Level
 Dazzling Flash           Conj/Hex       30%        N/A       19%         3
 Fulminant Prism          Conj/Hex       7%         3d7       52%         4
 Iskenderun's Mystic Bla  Conj/Tloc      15%        2d5       52%         4


Dungeon Overview and Level Annotations

Branches:
Dungeon (4/15)
 Temple: D:4-7

Altars:
Fedhas
Nemelex Xobeh

Shops:
D:2 (

Portals:
Abyss: D:3

Annotations:
D:3 2 transporters, protoss039's ghost, amateur GrEE


Innate Abilities, Weirdness & Mutations

You are mostly covered in sharp spines.


Message History

Confirm with . or Enter, or press ? or * to list all spells.
Aiming: Magic Dart (safe; 2% risk of failure)
Press: ? - help, Shift-Dir - straight line, f - ball python
Aim: a ball python (moderately wounded, 100% to hit)
The magic dart hits the ball python.
You kill the ball python!
Unknown command.
Unknown command.
Casting: Magic Dart (safe; 2% risk of failure)
Confirm with . or Enter, or press ? or * to list all spells.
Aiming: Searing Ray (safe; 3% risk of failure)
Press: ? - help, Shift-Dir - straight line, f - you That beam is likely to hit you.
Continue anyway?
Okay, then.
A two-headed ogre comes into view. It is wielding two +0 giant clubs.
Found an escape hatch in the ceiling.
The two-headed ogre shouts in stereo!
A two-headed ogre is nearby!
A two-headed ogre is nearby!
A two-headed ogre is nearby!
Casting: Searing Ray (safe; 3% risk of failure)
Confirm with . or Enter, or press ? or * to list all spells.
Aiming: Searing Ray (safe; 3% risk of failure)
Press: ? - help, Shift-Dir - straight line, f - two-headed ogre
Aim: a two-headed ogre, wielding two +0 giant clubs (90% to hit)
The searing ray hits the two-headed ogre.
The two-headed ogre is lightly wounded. (Press . to maintain the ray.)
The searing ray hits the two-headed ogre.
The two-headed ogre is lightly wounded.
The searing ray hits the two-headed ogre.
The two-headed ogre is moderately wounded.
The searing ray hits the two-headed ogre.
The two-headed ogre is moderately wounded.
You finish channelling your searing ray.
The two-headed ogre is struck by your spines.
The two-headed ogre hits you with a +0 giant club!
The two-headed ogre hits you with a +0 giant club!!
Ouch! That really hurt!
You die...

#.8......#.............#
#.#......##.#####.######
# #......##.. ###.#
#......###.##...#
.......# ..#...# ...####
#.#...# ####.###.#
.........# .......@.#
.......O.# .........#
.........# .........#
.........# ..<^.....#
######+#.#


You could see a two-headed ogre.

Vanquished Creatures
  Sigmund (D:3)
  An orc priest (D:3)
  2 hounds
  2 orc wizards
  A hound skeleton (D:4)
  2 adders
  5 gnolls
  An adder skeleton (D:4)
  3 dart slugs
  7 orcs
  4 bats
  7 endoplasms
  5 giant cockroaches
  3 goblins
  7 hobgoblins
  6 kobolds
  3 quokkas
  5 ball pythons
  6 frilled lizards
  5 rats
76 creatures vanquished.

Notes
Turn   | Place    | Note
-------+----------+-------------------------------------------
     0 | D:1      | protoss039 the Demonspawn Conjurer began the quest for the
                  | Orb.
     0 | D:1      | Reached XP level 1. HP: 13/13 MP: 3/3
   165 | D:1      | Gained mutation: You are partially covered in sharp spines.
                  | [demonic ancestry]
   165 | D:1      | Reached XP level 2. HP: 19/19 MP: 5/5
   609 | D:1      | Learned a level 2 spell: Searing Ray
   955 | D:1      | Reached XP level 3. HP: 12/24 MP: 6/6
  1387 | D:2      | Found a faded altar of an unknown god.
  1539 | D:2      | Found Aciczeyl's Weapon Boutique.
  1759 | D:2      | Found a sparkling altar of Nemelex Xobeh.
  2066 | D:2      | Reached XP level 4. HP: 30/30 MP: 7/7
  2305 | D:3      | Found a transporter.
  2341 | D:3      | Found a one-way gate to the infinite horrors of the Abyss.
  2341 | D:3      | Noticed protoss039's ghost (amateur GrEE)
  2351 | D:3      | Noticed a kobold brigand
  2356 | D:3      | Noticed a small abomination
  2418 | D:3      | Reached skill level 3 in Spellcasting
  2418 | D:3      | Reached XP level 5. HP: 30/35 MP: 5/9
  2608 | D:3      | Found a transporter.
  2646 | D:3      | Noticed a small abomination
  2792 | D:3      | Noticed Sigmund
  2809 | D:3      | Killed Sigmund
  2810 | D:3      | Reached skill level 4 in Spellcasting
  2810 | D:3      | Gained mutation: You are mostly covered in sharp spines.
                  | [demonic ancestry]
  2810 | D:3      | Reached XP level 6. HP: 14/41 MP: 9/13
  3091 | D:3      | Reached skill level 5 in Spellcasting
  3454 | D:3      | Identified the +3 leather armour "Myibb" {rElec Will- SInv}
  3863 | D:4      | Found a blossoming altar of Fedhas.
  3971 | D:4      | Noticed a two-headed ogre
  3976 | D:4      | Slain by a two-headed ogre

Illustrated notes

Levels and vault maps discovered:
D:1:      dpeg_arrival_arbitrary_b, layout_loops_ring
D:2:      layout_basic, basic_altar, serial_corexii_hall,
          corexii_hall_statues_l, corexii_hall_statues_l,
          shapermc_ecumenical_altar_totnotflames, serial_shops, shop
D:3:      layout_basic, gammafunk_ghost_abyssal_escape, uniq_sigmund
D:4:      layout_basic, nemelex_xobeh_ov_fountains_minmay,
          fedhas_altar_decomposition, minitemple

Skill      XL: |  1  2  3  4  5  6 |
---------------+-------------------+-----
Dodging        | 2 3 |  3.0
Stealth        | 2 3 |  3.0
Spellcasting   | 3 4 5 |  5.5
Conjurations   | |  4.4

Action                   |  1- 3 |  4- 6 || total
-------------------------+-------+-------++-------
Melee: Dagger            |    60 |     2 ||    62
       Unarmed           |    13 |       ||    13
 Cast: Magic Dart        |    13 |    10 ||    23
       Searing Ray       |     6 |    26 ||    32
  Use: Potion            |       |     1 ||     1
 Stab: Sleeping          |     3 |     1 ||     4
       Distracted        |     1 |       ||     1
Armor: Robe              |    10 |     2 ||    12
       Leather armour    |       |     1 ||     1
Dodge: Dodged            |    35 |    11 ||    46
